[Event "HUN-chT Youth 2019"]
[Site "Budapest"]
[Date "2019.10.26"]
[Round "1.54"]
[White "Bod, Marton"]
[Black "Lauko, Petru-Pavel"]
[Result "1-0"]
[ECO "C29"]
[WhiteElo "1131"]
[BlackElo "1272"]
[Annotator "NA"]
[PlyCount "85"]
[EventDate "2019.10.26"]
[EventType "team-tourn"]
[EventCountry "HUN"]
[SourceTitle "playchess.com"]
[Source "ChessBase"]
[SourceQuality "1"]
[TimeControl "5400+30"]

1. e4 e5 2. Nc3 Nf6 3. f4 Nc6 4. fxe5 Nxe5 5. d4 Nc6 6. e5 Ng8 7. Nf3 d5 8. exd6 cxd6 9. Bc4 Nf6 10. O-O d5 11. Bb5 Bd7 12. Re1+ Be7 13. Ne5 O-O 14. Nxd7 Nxd7 15. Nxd5 Re8 16. Bf4 a6 17. Bxc6 bxc6 18. Nc7 Rc8 19. Nxe8 Qxe8 20. Bd6 Nb6 21. Bxe7 Nc4 22. Qd3 Nxb2 23. Qb3 Rb8 24. Bb4 Qd7 25. Qxb2 a5 26. Re7 Qd8 27. Qb3 Qxd4+ 28. Qe3 Qxa1+ 29. Kf2 h6 30. Qf4 Rf8 31. Re1 Qxa2 32. Bxf8 Qxc2+ 33. Re2 Qb3 34. Re8 Qb6+ 35. Bc5+ Kh7 36. Bxb6 a4 37. Qxa4 Kg6 38. Qxc6+ Kh7 39. Qe4+ g6 40. Qe7 h5 41. Qxf7+ Kh6 42. Be3+ g5 43. Rh8# 1-0

[Event "HUN-chT Youth 2019"]
[Site "Budapest"]
[Date "2019.10.27"]
[Round "2.1"]
[White "Papp, Levente"]
[Black "Palczert, Botond"]
[Result "1-0"]
[ECO "A01"]
[WhiteElo "2317"]
[BlackElo "2039"]
[Annotator "NA"]
[PlyCount "101"]
[EventDate "2019.10.26"]
[EventType "team-tourn"]
[EventCountry "HUN"]
[SourceTitle "playchess.com"]
[Source "ChessBase"]
[SourceQuality "1"]
[TimeControl "5400+30"]

1. b3 e5 2. Bb2 d6 3. g3 Nf6 4. Bg2 Nc6 5. e3 g6 6. Ne2 {[%emt 0:00:27] A01: Nimzowitsch-Larsen Opening} Bg7 7. d4 exd4 8. Nxd4 Nxd4 9. Bxd4 O-O 10. O-O d5 11. Qc1 $146 ({Predecessor:} 11. b4 c6 12. Nd2 {1-0 (37) Blatny,P (2535)-Kramer,G (2259) Saint Paul 2000}) 11... c6 12. Qb2 Nh5 13. Bxg7 Nxg7 14. c4 dxc4 15. bxc4 Qd6 16. Nd2 Bf5 17. e4 Rad8 18. Rad1 Bg4 19. f3 Bc8 20. Nb3 Qb4 21. Rxd8 Rxd8 22. Qf6 Rd3 23. Qe5 Qb6+ 24. Kh1 (24. c5 $11 {keeps the balance.} Qa6 25. f4) 24... Qd8 (24... Be6 $17 25. Rc1 h6) 25. h3 b6 26. Qb8 a5 27. c5 $1 a4 28. Nc1 Rd2 29. cxb6 Ba6 30. Qxd8+ Rxd8 31. Re1 Rb8 32. Rd1 Ne6 33. f4 Rxb6 34. f5 {[%emt 0:02:56] [#]} gxf5 $15 (34... Nc5 $1 $17 35. f6 h5) 35. exf5 Nf8 36. Rd6 Rb4 37. Rxc6 Bb7 38. Rc3 Bxg2+ 39. Kxg2 Nd7 40. Nd3 Rb5 41. g4 Kg7 42. Kg3 Ne5 43. Nf4 Rb2 44. Ra3 Rb4 45. f6+ Kf8 46. Rc3 Rc4 47. Re3 Nd7 48. g5 Rc2 49. Re7 Rxa2 50. Rxd7 Ke8 51. Re7+ 1-0

[Event "HUN-chT Youth 2019"]
[Site "Budapest"]
[Date "2019.10.27"]
[Round "2.1"]
[White "Palczert, Matyas"]
[Black "Thierry, Edvard"]
[Result "1-0"]
[ECO "C01"]
[WhiteElo "2009"]
[BlackElo "1507"]
[Annotator "NA RC"]
[PlyCount "73"]
[EventDate "2019.10.26"]
[EventType "team-tourn"]
[EventCountry "HUN"]
[SourceTitle "playchess.com"]
[Source "ChessBase"]
[SourceQuality "1"]
[TimeControl "5400+30"]

1. e4 e6 2. d4 d5 3. exd5 exd5 4. Nf3 Nf6 5. Bd3 Bd6 6. Qe2+ Qe7 7. Qxe7+ Bxe7 8. O-O O-O 9. Re1 Bd6 10. Nc3 c6 11. Bg5 Nbd7 12. Ne5 h6 13. Bh4 Nh5 14. Nxd7 Bxd7 15. Be7 Bxe7 16. Rxe7 Nf6 17. f4 Rfe8 18. Re5 Kf8 19. h3 Be6 20. g4 Nd7 21. Re2 f6 22. Bg6 Bf7 23. Bxf7 Kxf7 24. f5 Nb6 25. b3 Rxe2 26. Nxe2 Nc8 27. Nf4 Nd6 28. Re1 Ne4 29. c4 Ng5 30. Kg2 dxc4 31. bxc4 Rd8 32. Ng6 Rd7 33. d5 cxd5 34. cxd5 b6 35. Rc1 Ne4 36. Rc8 Nd6 37. Rf8# 1-0

[Event "HUN-chT Youth 2019"]
[Site "Budapest"]
[Date "2019.10.27"]
[Round "2.2"]
[White "Szuhorukov, Marcell"]
[Black "Hajdu, Marton Abris"]
[Result "0-1"]
[ECO "B43"]
[WhiteElo "1384"]
[BlackElo "1818"]
[Annotator "NA RC"]
[PlyCount "52"]
[EventDate "2019.10.26"]
[EventType "team-tourn"]
[EventCountry "HUN"]
[SourceTitle "playchess.com"]
[Source "ChessBase"]
[SourceQuality "1"]
[TimeControl "5400+30"]

1. e4 c5 2. Nf3 e6 3. d4 cxd4 4. Nxd4 a6 5. Nc3 Qc7 6. Be3 Nf6 7. Qd2 b5 8. f3 Bb7 9. Bd3 Be7 10. O-O-O Nc6 11. g4 d6 12. Nxc6 Qxc6 13. h4 Rc8 14. Qe2 Nd7 15. Rdg1 Bf6 16. Nd1 Nc5 17. g5 Be7 18. h5 d5 19. g6 fxg6 20. hxg6 h5 21. Bd4 dxe4 22. Bxc5 exd3 23. Qxd3 Qxc5 24. Nc3 Qc4 25. Qd2 b4 26. Na4 Qxa2 0-1

[Event "HUN-chT Youth 2019"]
[Site "Budapest"]
[Date "2019.10.27"]
[Round "2.3"]
[White "Pribelszky, Bence"]
[Black "Kelemen, Szabolcs"]
[Result "*"]
[ECO "A05"]
[WhiteElo "2191"]
[BlackElo "1960"]
[Annotator "NA"]
[PlyCount "172"]
[EventDate "2019.10.26"]
[EventType "team-tourn"]
[EventCountry "HUN"]
[SourceTitle "playchess.com"]
[Source "ChessBase"]
[SourceQuality "1"]
[TimeControl "5400+30"]

1. Nf3 Nf6 2. g3 g6 3. b3 Bg7 4. Bb2 O-O 5. Bg2 d5 6. O-O c6 7. d3 Nbd7 8. Nbd2 {[%emt 0:00:49] A07: Réti Opening: New York and Capablanca Systems} b6 (8... Ne8 9. Bxg7 Nxg7 10. d4 Nf5 11. e4 dxe4 12. Nxe4 Nd6 {½-½ (12) Khamrakulov,D (2478)-Shanava,K (2516) Cesme 2017}) 9. e4 Qc7 $146 ({Predecessor:} 9... e6 10. e5 Ne8 11. d4 Bb7 12. Re1 Nc7 13. h4 c5 14. c3 a5 15. Nf1 b5 16. Ne3 {½-½ (16) Berta,M-Brglez,F Yugoslavia 1981}) 10. Re1 dxe4 11. dxe4 Rd8 12. Qb1 e5 13. Bf1 Ne8 14. Bc3 Nc5 15. Qb2 f6 16. b4 Ne6 17. Qb3 Kh8 18. Rad1 Nf8 19. Bb2 Nd6 20. c3 Be6 21. Qc2 a5 22. a3 a4 23. Re3 b5 24. Ne1 Nd7 (24... Bh6 $17 25. Rd3 Nd7) 25. c4 $1 Qb7 26. c5 Nf7 27. f4 Bh6 28. Ng2 Qc7 29. f5 $11 Bxe3+ 30. Nxe3 gxf5 31. exf5 Bb3 32. Nxb3 axb3 33. Qxb3 Nf8 34. Ng4 Kg7 35. Bg2 Rxd1+ 36. Qxd1 Rd8 37. Qe2 Qd7 38. Ne3 Qd3 39. Kf2 Qd7 40. Ke1 Nh6 41. Qd1 Qc8 42. Qc2 Nf7 43. h4 Nd7 44. g4 h6 45. Nf1 e4 46. Ng3 Nfe5 47. Nxe4 Nxg4 48. Nd6 Qc7 49. Bf3 Nde5 50. Bxg4 Nxg4 51. Qe4 h5 52. Qe8 Rxd6 53. cxd6 Qxd6 54. Qe2 Qg3+ 55. Kd1 Ne3+ 56. Kc1 Nxf5 57. Kb1 Qxh4 58. Qg2+ Ng3 59. Qf2 Qe4+ 60. Ka1 Nf5 61. Qg1+ Kf7 62. Qa7+ Kg6 63. Qg1+ Qg4 64. Qc1 Qf3 65. Qg1+ Ng3 66. Qa7 h4 67. Qb8 Qd1+ 68. Ka2 Qd5+ 69. Ka1 f5 70. Qh8 Qe4 71. Qg7+ Kh5 72. Bf6 Qe1+ 73. Kb2 Qd2+ 74. Ka1 Qh6 75. Qf7+ Kg4 76. Qg8+ Kh3 77. Bg5 Qd6 78. Qh8 Qd1+ 79. Kb2 Qg4 80. Qd8 f4 81. Bf6 f3 82. Qd2 Ne4 83. Qd4 Qg2+ 84. Kc1 Qf1+ 85. Kc2 Qf2+ 86. Kd3 Qe2# *

[Event "HUN-chT Youth 2019"]
[Site "Budapest"]
[Date "2019.10.27"]
[Round "2.3"]
[White "Nagy, Botond"]
[Black "Meszaros, Jazmin"]
[Result "1-0"]
[ECO "D31"]
[WhiteElo "1281"]
[BlackElo "1171"]
[Annotator "NA RC"]
[PlyCount "45"]
[EventDate "2019.10.26"]
[EventType "team-tourn"]
[EventCountry "HUN"]
[SourceTitle "playchess.com"]
[Source "ChessBase"]
[SourceQuality "1"]
[TimeControl "5400+30"]

1. d4 d5 2. c4 e6 3. Nc3 Be7 4. Bf4 Nc6 5. e3 Nf6 6. Nf3 O-O 7. Be2 Ne4 8. Nxe4 dxe4 9. Nd2 Bg5 10. Bg3 Ne7 11. Nxe4 Nf5 12. Bf3 Nxg3 13. Nxg3 Bh4 14. Qc2 Bxg3 15. hxg3 g6 16. O-O-O Qd6 17. Rh2 Qa6 18. a3 Bd7 19. Rdh1 Ba4 20. Qc3 Rac8 21. Rxh7 b5 22. d5 bxc4 23. Qg7# 1-0

[Event "HUN-chT Youth 2019"]
[Site "Budapest"]
[Date "2019.10.27"]
[Round "2.4"]
[White "Tancz, Janos"]
[Black "Kiss, Eniko"]
[Result "1-0"]
[ECO "B56"]
[WhiteElo "1486"]
[BlackElo "1703"]
[Annotator "NA RC"]
[PlyCount "59"]
[EventDate "2019.10.26"]
[EventType "team-tourn"]
[EventCountry "HUN"]
[SourceTitle "playchess.com"]
[Source "ChessBase"]
[SourceQuality "1"]
[TimeControl "5400+30"]

1. e4 c5 2. Nf3 d6 3. d4 Nf6 4. Nc3 cxd4 5. Nxd4 Nc6 6. Be3 Ng4 7. Nxc6 bxc6 8. Bf4 Qb6 9. Qd2 Qxb2 10. Rb1 Qa3 11. f3 Nf6 12. e5 Nh5 13. Be3 dxe5 14. Rd1 Qd6 15. Bc5 Qxd2+ 16. Rxd2 g6 17. Nb5 Bh6 18. Nc7+ Kf8 19. Rd8+ Kg7 20. Rxh8 Rb8 21. Rd8 Nf6 22. Bxe7 Rb1+ 23. Ke2 Bf5 24. Bf8+ Kh8 25. Bxh6+ Ng8 26. Bg5 Kg7 27. Ne8+ Kf8 28. Nf6+ Ke7 29. Nxg8+ Ke6 30. Kd2 1-0

[Event "HUN-chT Youth 2019"]
[Site "Budapest"]
[Date "2019.10.27"]
[Round "2.4"]
[White "Szuhorukov, Viktor"]
[Black "Nagy, Levente"]
[Result "0-1"]
[ECO "B34"]
[WhiteElo "1213"]
[BlackElo "2092"]
[Annotator "NA RC"]
[PlyCount "46"]
[EventDate "2019.10.26"]
[EventType "team-tourn"]
[EventCountry "HUN"]
[SourceTitle "playchess.com"]
[Source "ChessBase"]
[SourceQuality "1"]
[TimeControl "5400+30"]

1. e4 c5 2. Nf3 Nc6 3. d4 cxd4 4. Nxd4 g6 5. Nc3 Bg7 6. Be3 Nf6 7. Qd2 O-O 8. O-O-O Ng4 9. Nb3 Nxe3 10. Qxe3 d6 11. f3 Be6 12. Nc5 Qb6 13. N3a4 Qb4 14. c3 Qa5 15. Nxe6 fxe6 16. b3 b5 17. Nb2 Bxc3 18. Qe2 Qxa2 19. Qc2 Qa1+ 20. Qb1 Bxb2+ 21. Kc2 Qxb1+ 22. Rxb1 Bg7 23. Bxb5 Nd4+ 0-1

[Event "HUN-chT Youth 2019"]
[Site "Budapest"]
[Date "2019.10.27"]
[Round "2.5"]
[White "Toth, Timea"]
[Black "Benedek, Huba"]
[Result "0-1"]
[ECO "C11"]
[WhiteElo "1964"]
[BlackElo "1125"]
[Annotator "NA RC"]
[PlyCount "62"]
[EventDate "2019.10.26"]
[EventType "team-tourn"]
[EventCountry "HUN"]
[SourceTitle "playchess.com"]
[Source "ChessBase"]
[SourceQuality "1"]
[TimeControl "5400+30"]

1. e4 e6 2. d4 d5 3. Nc3 Nf6 4. Bg5 dxe4 5. Nxe4 Be7 6. Bxf6 Bxf6 7. Nf3 O-O 8. Bc4 Nc6 9. Nxf6+ Qxf6 10. O-O Rd8 11. c3 b6 12. Re1 Bb7 13. Qe2 Ne7 14. Ne5 Nd5 15. Bxd5 Bxd5 16. Qg4 g6 17. Qg3 Rac8 18. Nd3 h6 19. Nf4 Qg5 20. Qxg5 hxg5 21. Nxd5 Rxd5 22. Rad1 Rcd8 23. Re3 c5 24. Red3 cxd4 25. Rxd4 Rxd4 26. Rxd4 Rc8 27. Rd7 Ra8 28. c4 Kf8 29. b3 Ke8 30. Rc7 Rd8 31. Rxa7 Rd1# 0-1

[Event "HUN-chT Youth 2019"]
[Site "Budapest"]
[Date "2019.10.27"]
[Round "2.5"]
[White "Ivan, Reka Gyongyver"]
[Black "Palczert, Hajnalka"]
[Result "0-1"]
[ECO "A48"]
[WhiteElo "1686"]
[BlackElo "1531"]
[Annotator "NA"]
[PlyCount "102"]
[EventDate "2019.10.26"]
[EventType "team-tourn"]
[EventCountry "HUN"]
[SourceTitle "playchess.com"]
[Source "ChessBase"]
[SourceQuality "1"]
[TimeControl "5400+30"]

1. d4 Nf6 2. Bf4 g6 3. Nf3 Bg7 4. Nc3 d5 5. Qd2 O-O 6. Bh6 c5 7. h4 cxd4 8. Nxd4 Nc6 9. Nf3 Bf5 10. Bxg7 Kxg7 11. O-O-O e6 12. Qf4 Qb6 13. e3 Bg4 14. Be2 Rac8 15. Rdg1 Qb4 16. Qxb4 Nxb4 17. a3 Nc6 18. Nh2 Bxe2 19. Nxe2 Ne4 20. Rf1 Ne5 21. Kd1 Nc4 22. Kc1 Ncd2 23. Re1 Nb3+ 24. Kb1 Ned2+ 25. Ka2 Rxc2 26. Nd4 Nxd4 27. exd4 Nc4 28. Rb1 Rxf2 29. Rhg1 Rc8 30. Nf3 Nd2 31. Nxd2 Rxd2 32. Rgd1 Rxg2 33. Ka1 Rh2 34. Rh1 Rcc2 35. Rhc1 Rxc1 36. Rxc1 Rxh4 37. Rc7 Rxd4 38. Rxb7 Ra4 39. Ka2 h5 40. Rb3 h4 41. Kb1 Rc4 42. Rh3 g5 43. b3 Rg4 44. Kc2 Rg3 45. Rh2 h3 46. Kd1 Rxb3 47. Ke1 Rxa3 48. Kf1 Ra1+ 49. Kf2 Ra2+ 50. Kg3 Rxh2 51. Kxh2 a5 0-1

[Event "HUN-chT Youth 2019"]
[Site "Budapest"]
[Date "2019.10.27"]
[Round "2.6"]
[White "Kreiter, Lilla"]
[Black "Kiraly, Lilla Virag"]
[Result "1-0"]
[ECO "B14"]
[WhiteElo "1280"]
[BlackElo "1450"]
[Annotator "NA"]
[PlyCount "115"]
[EventDate "2019.10.26"]
[EventType "team-tourn"]
[EventCountry "HUN"]
[SourceTitle "playchess.com"]
[Source "ChessBase"]
[SourceQuality "1"]
[TimeControl "5400+30"]

1. e4 c6 2. d4 d5 3. exd5 cxd5 4. c4 Nf6 5. Nc3 e6 6. a3 Nc6 7. Nf3 Be7 8. Be2 O-O 9. O-O a6 10. Bf4 Bd6 11. Be5 dxc4 12. Bxc4 Bxe5 13. dxe5 Nd7 14. Re1 Qb6 15. Qc2 h6 16. Ba2 Qc7 17. Bb1 f5 18. exf6 Nxf6 19. Ne4 Qf4 20. Nxf6+ Qxf6 21. Ra2 Bd7 22. Qg6 Qxg6 23. Bxg6 Rf6 24. Bd3 Be8 25. b4 Rd8 26. Bc4 Bf7 27. Rae2 Nd4 28. Nxd4 Rxd4 29. Ba2 Kf8 30. g3 Ke7 31. f4 g6 32. Re5 Kd6 33. R1e3 Rd1+ 34. Kg2 Rd2+ 35. Re2 Rd3 36. R5e3 Rd4 37. Rc3 Kd7 38. Bb1 Rd6 39. Rd3 Rxd3 40. Bxd3 g5 41. fxg5 hxg5 42. Rc2 Bg6 43. Bxg6 Rxg6 44. Kf3 Rg7 45. Kg4 Kd6 46. Rc5 Rh7 47. Rc2 Rg7 48. Kh5 Ke5 49. Kh6 Rd7 50. Kxg5 Rd3 51. Re2+ Kd5 52. g4 Rxa3 53. h4 Rb3 54. h5 Rh3 55. h6 b6 56. Kg6 a5 57. bxa5 bxa5 58. h7 1-0

[Event "HUN-chT Youth 2019"]
[Site "Budapest"]
[Date "2019.10.27"]
[Round "2.6"]
[White "Koronczai, Csongor"]
[Black "Bod, Marton"]
[Result "1-0"]
[ECO "B30"]
[WhiteElo "1088"]
[BlackElo "1131"]
[Annotator "NA RC"]
[PlyCount "51"]
[EventDate "2019.10.26"]
[EventType "team-tourn"]
[EventCountry "HUN"]
[SourceTitle "playchess.com"]
[Source "ChessBase"]
[SourceQuality "1"]
[TimeControl "5400+30"]

1. e4 c5 2. Nf3 Nc6 3. g3 g6 4. Bg2 Bg7 5. Nc3 Nf6 6. O-O d5 7. d3 O-O 8. Bf4 dxe4 9. dxe4 Qa5 10. Qe2 Rd8 11. Rfd1 Rxd1+ 12. Rxd1 Nh5 13. e5 Nxf4 14. gxf4 Bg4 15. h3 Bh5 16. Rd7 Rb8 17. a3 Bh6 18. e6 f5 19. Nd5 Bf8 20. Qe3 Bxf3 21. Qxf3 Qe1+ 22. Kh2 Qxe6 23. Rc7 Qd6 24. Qb3 e6 25. Nf6+ Kh8 26. Rxh7# 1-0

[Event "HUN-chT Youth 2019"]
[Site "Budapest"]
[Date "2019.10.27"]
[Round "2.7"]
[White "Szabo, Marton Nandor"]
[Black "Konyves, Almos"]
[Result "1/2-1/2"]
[ECO "A09"]
[WhiteElo "1803"]
[BlackElo "2006"]
[Annotator "NA RC"]
[PlyCount "45"]
[EventDate "2019.10.26"]
[EventType "team-tourn"]
[EventCountry "HUN"]
[SourceTitle "playchess.com"]
[Source "ChessBase"]
[SourceQuality "1"]
[TimeControl "5400+30"]

1. Nf3 d5 2. c4 d4 3. d3 Nc6 4. g3 e5 5. Bg2 Nf6 6. Bg5 Bb4+ 7. Nbd2 h6 8. Bxf6 Qxf6 9. a3 Bxd2+ 10. Nxd2 a5 11. Qc2 O-O 12. O-O Bd7 13. Rad1 Qe7 14. Rfe1 f5 15. e3 Qf6 16. Nb3 dxe3 17. fxe3 f4 18. Qf2 Qg5 19. d4 Bg4 20. Rd2 a4 21. Nc5 exd4 22. Bd5+ Kh8 23. exf4 1/2-1/2

[Event "HUN-chT Youth 2019"]
[Site "Budapest"]
[Date "2019.10.27"]
[Round "2.8"]
[White "Gombocz, Zsofia"]
[Black "Baski, Barnabas"]
[Result "0-1"]
[ECO "C07"]
[WhiteElo "1917"]
[BlackElo "2037"]
[Annotator "NA"]
[PlyCount "152"]
[EventDate "2019.10.26"]
[EventType "team-tourn"]
[EventCountry "HUN"]
[SourceTitle "playchess.com"]
[Source "ChessBase"]
[SourceQuality "1"]
[TimeControl "5400+30"]

1. e4 e6 2. d4 d5 3. Nd2 c5 4. exd5 Qxd5 5. Ngf3 cxd4 6. Bc4 Qd7 7. O-O Nc6 8. Nb3 a6 9. Nbxd4 Nxd4 10. Nxd4 Qc7 11. Qe2 Bd6 12. h3 Ne7 13. Bd3 O-O 14. c4 e5 15. Nf3 h6 16. Re1 Nc6 17. Be4 Re8 18. Be3 Be6 19. c5 Bf8 20. g4 Rad8 21. Qc2 Bd5 22. Bxd5 Rxd5 23. Qe4 Red8 24. g5 Nd4 25. Rac1 Nxf3+ 26. Qxf3 hxg5 27. Bxg5 f6 28. Be3 Qf7 29. b4 Rd3 30. Qg2 Qd5 31. Qxd5+ R8xd5 32. Rc2 f5 33. Kg2 Be7 34. f4 e4 35. Ree2 Kf7 36. a4 Ra3 37. Ra2 Rdd3 38. Rxa3 Rxa3 39. a5 Rb3 40. Bd2 Ke6 41. Be1 Bf6 42. Rc2 Rb2 43. Rxb2 Bxb2 44. b5 Kd7 45. c6+ bxc6 46. bxa6 Kc7 47. Bf2 Kb8 48. a7+ Ka8 49. Bc5 Bc3 50. a6 Bd2 51. Kg3 Be1+ 52. Kg2 Bh4 53. Kf1 Bg3 54. Be3 g6 55. Ke2 Bh4 56. Bc5 Bd8 57. Kf2 Bc7 58. Ke3 Bd8 59. Kf2 Bf6 60. Ke2 Bc3 61. Ke3 Bb2 62. Kf2 Bc1 63. Kg3 Bd2 64. h4 Bc1 65. Bb6 Ba3 66. Kf2 c5 67. Ke2 Bc1 68. Bxc5 Bxf4 69. Kf2 Be5 70. Ke3 Bf6 71. h5 Bg5+ 72. Kd4 gxh5 73. Ke5 h4 74. Kxf5 h3 75. Bd6 e3 76. Kg4 e2 0-1

[Event "HUN-chT Youth 2019"]
[Site "Budapest"]
[Date "2019.10.27"]
[Round "2.8"]
[White "Bodrogi, Bendeguz"]
[Black "Foldes, Marton Gabor"]
[Result "1-0"]
[ECO "A20"]
[WhiteElo "1903"]
[BlackElo "1755"]
[Annotator "NA RC"]
[PlyCount "97"]
[EventDate "2019.10.26"]
[EventType "team-tourn"]
[EventCountry "HUN"]
[SourceTitle "playchess.com"]
[Source "ChessBase"]
[SourceQuality "1"]
[TimeControl "5400+30"]

1. c4 e5 2. g3 Nc6 3. Nc3 f5 4. Bg2 Nf6 5. e3 Bc5 6. Nge2 d6 7. O-O O-O 8. d4 Bb6 9. b3 Qe8 10. Bb2 Qh5 11. Nd5 Qe8 12. Rc1 Nxd5 13. cxd5 Nd8 14. dxe5 dxe5 15. Qc2 Qe7 16. Qc3 Re8 17. Rfd1 Bd7 18. Kh1 a5 19. Ng1 Qb4 20. Nf3 Qxc3 21. Bxc3 Nf7 22. Bb2 a4 23. b4 e4 24. Nd4 Ne5 25. Bf1 Nf7 26. a3 Nd6 27. h4 Kf7 28. Bc4 Kg6 29. Ba2 h6 30. Ne6 Bxe6 31. dxe6 Re7 32. Be5 Rd8 33. Kg2 Ba7 34. Rc2 Bb8 35. Rcd2 Kh7 36. b5 b6 37. Rd4 Rc8 38. Rb1 Nb7 39. Rd7 Rce8 40. Bc3 Nc5 41. Rxe7 Rxe7 42. Bb4 Re8 43. Bxc5 bxc5 44. Rd1 Kg6 45. Rd7 Kf6 46. Rf7+ Kg6 47. h5+ Kxh5 48. Rxg7 Rd8 49. e7 1-0

[Event "HUN-chT Youth 2019"]
[Site "Budapest"]
[Date "2019.10.27"]
[Round "2.9"]
[White "Monduk, Ferenc"]
[Black "Barasits, Balint"]
[Result "1-0"]
[ECO "E91"]
[WhiteElo "1987"]
[BlackElo "1988"]
[Annotator "NA RC"]
[PlyCount "28"]
[EventDate "2019.10.26"]
[EventType "team-tourn"]
[EventCountry "HUN"]
[SourceTitle "playchess.com"]
[Source "ChessBase"]
[SourceQuality "1"]
[TimeControl "5400+30"]

1. d4 Nf6 2. c4 d6 3. Nc3 g6 4. Nf3 Bg7 5. e4 O-O 6. Be2 c5 7. O-O cxd4 8. Nxd4 Nc6 9. Nf3 Bd7 10. h3 Qa5 11. Bd2 Rfc8 12. a3 Qb6 13. Be3 Qd8 14. Qc2 Na5 1-0

[Event "HUN-chT Youth 2019"]
[Site "Budapest"]
[Date "2019.10.27"]
[Round "2.9"]
[White "Csernyik, Mark"]
[Black "Onodi, Miklos"]
[Result "1-0"]
[ECO "B21"]
[WhiteElo "1749"]
[BlackElo "1548"]
[Annotator "NA RC"]
[PlyCount "91"]
[EventDate "2019.10.26"]
[EventType "team-tourn"]
[EventCountry "HUN"]
[SourceTitle "playchess.com"]
[Source "ChessBase"]
[SourceQuality "1"]
[TimeControl "5400+30"]

1. e4 c5 2. d4 cxd4 3. c3 dxc3 4. Nxc3 a6 5. Nf3 Nc6 6. Bc4 e6 7. O-O b5 8. Bb3 Bb7 9. Qe2 Nge7 10. Rd1 Ng6 11. Bg5 f6 12. Bxe6 fxg5 13. Rxd7 Qxd7 14. Bxd7+ Kxd7 15. Rd1+ Ke8 16. Nxg5 Be7 17. Ne6 Kf7 18. Qf3+ Bf6 19. Rd7+ Nce7 20. Rxb7 Kxe6 21. Nd5 Rac8 22. g3 Rc1+ 23. Kg2 Rf8 24. Qb3 Kd6 25. Qa3+ Rc5 26. Nb6 Rd8 27. Rd7+ Rxd7 28. Nxd7 Bd4 29. Nxc5 Bxc5 30. Qxa6+ Nc6 31. Qxb5 Nge7 32. f4 Bd4 33. b3 g6 34. Qc4 Bb6 35. b4 h5 36. e5+ Kd7 37. a4 Nf5 38. Qf7+ Nfe7 39. a5 Ba7 40. Qb3 Kc7 41. b5 Nd4 42. b6+ Kb7 43. a6+ Ka8 44. Qf7 Ndc6 45. Qe8+ Nb8 46. b7# 1-0

[Event "HUN-chT Youth 2019"]
[Site "Budapest"]
[Date "2019.10.27"]
[Round "2.10"]
[White "Kiraly, Barnabas"]
[Black "Lengyel, Andrea"]
[Result "1-0"]
[ECO "B30"]
[WhiteElo "1742"]
[BlackElo "1872"]
[Annotator "NA"]
[PlyCount "98"]
[EventDate "2019.10.26"]
[EventType "team-tourn"]
[EventCountry "HUN"]
[SourceTitle "playchess.com"]
[Source "ChessBase"]
[SourceQuality "1"]
[TimeControl "5400+30"]

1. e4 c5 2. Nf3 Nc6 3. Bb5 d6 4. O-O Bg4 5. h3 Bh5 6. d3 e6 7. Bxc6+ bxc6 8. c3 Nf6 9. Bg5 Be7 10. Nbd2 O-O 11. Qc2 h6 12. Bh4 Bg6 13. Rad1 Nh5 14. Bxe7 Qxe7 15. Rfe1 Nf4 16. Nc4 Bh5 17. Re3 Qf6 18. Kh2 e5 19. Rg1 Qe6 20. Nh4 Rad8 21. g4 Bg6 22. Nf5 f6 23. Na5 Bxf5 24. gxf5 Qd7 25. Reg3 Rf7 26. Qb3 c4 27. Qxc4 d5 28. Qxc6 Ne2 29. Qxd7 Rdxd7 30. Nb3 Nxg3 31. Kxg3 dxe4 32. dxe4 Rb7 33. Rd1 Rfd7 34. Rd5 Rxd5 35. exd5 Rb5 36. c4 Rb4 37. c5 Kf8 38. Kf3 Ke7 39. Ke3 Rh4 40. Kd3 h5 41. a3 Rxh3+ 42. Kc4 Rxb3 43. Kxb3 h4 44. Kc4 h3 45. d6+ Kd7 46. Kd5 h2 47. c6+ Kd8 48. Ke6 h1=Q 49. c7+ Kc8 1-0

[Event "HUN-chT Youth 2019"]
[Site "Budapest"]
[Date "2019.10.27"]
[Round "2.10"]
[White "Kerekes, Laszlo Fulop"]
[Black "Karacsonyi, Bank"]
[Result "1/2-1/2"]
[ECO "B50"]
[WhiteElo "1369"]
[BlackElo "1513"]
[Annotator "NA RC"]
[PlyCount "84"]
[EventDate "2019.10.26"]
[EventType "team-tourn"]
[EventCountry "HUN"]
[SourceTitle "playchess.com"]
[Source "ChessBase"]
[SourceQuality "1"]
[TimeControl "5400+30"]

1. e4 c5 2. Nf3 d6 3. b4 Nf6 4. e5 Nd5 5. bxc5 dxc5 6. a3 Nc6 7. Bc4 Nb6 8. Ba2 g6 9. O-O Bg7 10. Re1 O-O 11. Nc3 Bg4 12. h3 Bxf3 13. Qxf3 Bxe5 14. Rb1 Bg7 15. Bd5 Nd4 16. Qe4 e6 17. Bxb7 Rb8 18. Ba6 Re8 19. Bb5 Re7 20. a4 f5 21. Qh4 Nxc2 22. Rd1 Bxc3 23. d3 Bg7 24. Bg5 Nd5 25. Bxe7 Qxe7 26. Qxe7 Nxe7 27. Bc4 Rxb1 28. Bxe6+ Kf8 29. Rxb1 Be5 30. Kf1 Kg7 31. Rb7 Kf6 32. Bc4 a5 33. Rb5 Bd4 34. Rxa5 Nb4 35. Ra8 Nec6 36. a5 Ke7 37. a6 Kd7 38. a7 Kc7 39. Rf8 Nxa7 40. Rf7+ Kb6 41. Rxh7 Nac6 42. h4 Ne5 1/2-1/2

[Event "HUN-chT Youth 2019"]
[Site "Budapest"]
[Date "2019.10.27"]
[Round "2.11"]
[White "Szabo, Balazs"]
[Black "Petroczy, Zoltan"]
[Result "0-1"]
[ECO "D55"]
[WhiteElo "2210"]
[BlackElo "1573"]
[Annotator "NA"]
[PlyCount "78"]
[EventDate "2019.10.26"]
[EventType "team-tourn"]
[EventCountry "HUN"]
[SourceTitle "playchess.com"]
[Source "ChessBase"]
[SourceQuality "1"]
[TimeControl "5400+30"]

1. d4 Nf6 2. c4 e6 3. Nf3 Bb4+ 4. Bd2 Be7 5. Nc3 d5 6. Bg5 O-O 7. e3 c6 8. cxd5 Nxd5 9. Bxe7 Qxe7 10. Nxd5 exd5 11. Qc2 Nd7 12. Bd3 Nf6 13. O-O h6 {[%emt 0:02:37] D61: Queen's Gambit Declined: Classical: 7 Qc2} (13... Ne4 14. Nd2 Bf5 15. Nxe4 Bxe4 16. Bxe4 Qxe4 17. Qxe4 dxe4 18. Rfc1 Rfd8 19. Rc5 f6 20. h4 Kf7 21. g4 Rd6 {1-0 (42) Deviatkin,A (2577)-Vaibhav,S (2485) Mumbai 2012}) 14. a3 Be6 15. b4 $146 ({Predecessor:} 15. Ne5 Ng4 16. Nxg4 Bxg4 17. Bf5 {½-½ (16) Zupcevic,S-Lorenz,G Nickenich 1996}) 15... Rfc8 16. Rfc1 Nd7 17. Qb2 a6 18. a4 Nb6 19. Nd2 Nd7 20. b5 axb5 21. axb5 c5 22. Rxa8 Rxa8 23. dxc5 Nxc5 24. Be2 b6 25. h3 Qg5 26. Nf3 Qg6 27. Kh1 Ne4 28. Bf1 Rc8 (28... d4 $11 {remains equal.} 29. Ne5 (29. Nxd4 Ra2 $11) 29... Qf6 30. Qxd4 Nxf2+ 31. Kh2 Rd8) 29. Rxc8+ Bxc8 30. Nd4 Qf6 31. Kg1 Bb7 32. Qc2 Qd6 $14 33. Bd3 Nf6 34. Qa4 Nd7 35. Qa7 Nc5 36. Bc2 g6 37. Nb3 Nxb3 38. Bxb3 Qc7 39. g3 d4 0-1

[Event "HUN-chT Youth 2019"]
[Site "Budapest"]
[Date "2019.10.27"]
[Round "2.11"]
[White "Karacsonyi, Luca"]
[Black "Molnar, Dalma Reka"]
[Result "1-0"]
[ECO "C55"]
[WhiteElo "1556"]
[BlackElo "1088"]
[Annotator "NA RC"]
[PlyCount "81"]
[EventDate "2019.10.26"]
[EventType "team-tourn"]
[EventCountry "HUN"]
[SourceTitle "playchess.com"]
[Source "ChessBase"]
[SourceQuality "1"]
[TimeControl "5400+30"]

1. e4 e5 2. Nf3 Nc6 3. Bc4 Nf6 4. d3 Be7 5. c3 O-O 6. Bb3 d6 7. Nbd2 Be6 8. Bc2 d5 9. Qe2 dxe4 10. Nxe4 Nxe4 11. dxe4 Bd6 12. O-O Qe7 13. Be3 f5 14. Bg5 Qe8 15. exf5 Bxf5 16. Qc4+ Kh8 17. Bxf5 Rxf5 18. Rfe1 Qh5 19. Qh4 Qf7 20. Rad1 Re8 21. Qe4 Re6 22. Be3 Be7 23. Rd7 Qh5 24. Rxc7 Rg6 25. Kh1 Rg4 26. Qd5 h6 27. Qd1 e4 28. Nd4 Rf6 29. Nxc6 bxc6 30. Rxe7 Qg6 31. Rg1 Rf5 32. Qd8+ Kh7 33. Re8 Qh5 34. Rh8+ Kg6 35. Qe8+ Kf6 36. Rf8+ Qf7 37. Qxf7+ Ke5 38. Qxf5+ Kd6 39. Rd8+ Ke7 40. Rd7+ Ke8 41. Qf7# 1-0